 Dungeon Crawl Stone Soup version 0.32-a0-607-g64ea0e4219 (webtiles) character file.

Game seed: 9229598976521553442

46 BeKind the Shield-Bearer (level 3, 0/26 HPs)
             Began as an Octopode Fighter on Mar 3, 2024.
             Constricted to death by a ball python (1 damage)
             ... on level 2 of the Dungeon.
             The game lasted 00:03:00 (978 turns).

BeKind the Shield-Bearer (Octopode Fighter)          Turns: 978, Time: 00:03:00

Health: 0/26       AC:  1    Str: 15    XL:     3   Next: 68%
Magic:  3/3        EV:  3    Int: 12    God:
Gold:   5          SH:  4    Dex: 11    Spells: 2/2 levels left

rFire   . . .        d - staff of air
rCold   . . .        b - +0 buckler
rNeg    . . .        (helmet restricted)
rPois   .            (no amulet)
rElec   +            (no ring)
rCorr   .            (no ring)
SInv    .            (no ring)
Will    .....        (no ring)
Stlth   ++           (no ring)
HPRegen 0.24/turn    (no ring)
MPRegen 0.08/turn    (no ring)
                     (no ring)

%: no passive effects
@: constricted
A: almost no armour, amphibious, 8 rings, camouflage 1, gelatinous body 1,
(nimble swimmer 1), tentacles
a: no special abilities


You were on level 2 of the Dungeon.
You visited 1 branch of the dungeon, and saw 2 of its levels.

You collected 5 gold pieces.

Inventory:

Hand Weapons
 a - a +0 trident
Armour
 b - a +0 buckler (worn)
Magical Staves
 d - a staff of air (weapon)
Scrolls
 g - a scroll of poison {unknown}
 h - a scroll of revelation {unknown}
 i - a scroll of noise {unknown}
 j - a scroll of identify {unknown}
Potions
 c - a potion of might
 e - a potion of brilliance {unknown}
 f - a potion of curing {unknown}


   Skills:
 + Level 3.3 Fighting
 + Level 2.5 Polearms
 + Level 3.3 Dodging
 + Level 3.4 Shields
 + Level 0.6 Air Magic


You had 2 spell levels left.
You didn't know any spells.
Your spell library contained the following spells:

 Spells                   Type           Power      Damage    Failure   Level
 Ensorcelled Hibernation  Hex/Ice        0%         N/A       54%         2
 Swiftness                Air            2%         N/A       71%         3
 Passwall                 Erth           0%         N/A       78%         3
 Tukima's Dance           Hex            0%         N/A       78%         3
 Passage of Golubria      Tloc           0%         N/A       99%         4
 Yara's Violent Unravell  Hex/Alch       0%         3d3       100%        5


Dungeon Overview and Level Annotations

Branches:
Dungeon (2/15)

Altars:

Shops:
D:1 [


Innate Abilities, Weirdness & Mutations

You cannot wear most types of armour.
You are amphibious.
You can wear up to eight rings at the same time.
Your skin changes colour to match your surroundings (Stealth+).
Your rubbery body absorbs attacks. (AC +1, EV +1)
((You are camouflaged when in or above water. (Stealth+)))
You have tentacles for arms and can constrict up to eight enemies at once.


Message History

The ball python barely misses you. The ball python grabs you.
The ball python constricts you.
You escape the ball python's grasp.
Found a ruby potion.
The ball python closely misses you. The ball python grabs you.
The ball python constricts you.
The ball python's grasp on you weakens, but your attempt to escape fails.
The ball python bites you.
* * * LOW HITPOINT WARNING * * *
The ball python constricts you.
You escape the ball python's grasp.
Found 8 gold pieces.
You see here a ruby potion.
The ball python attacks as it pursues you!
The ball python bites you but does no damage.
You block the ball python's attack. The ball python bites you.
The ball python grabs you. The ball python constricts you.
* * * LOW HITPOINT WARNING * * *
You escape the ball python's grasp.
The ball python bites you.
* * * LOW HITPOINT WARNING * * *
You block the ball python's attack.
You see here 8 gold pieces.
You open the door. You block the ball python's attack.
The ball python misses you. The ball python closely misses you.
The ball python barely misses you.
There is an open door here.
The ball python attacks as it pursues you!
The ball python closely misses you. The ball python grabs you.
The ball python constricts you.
* * * LOW HITPOINT WARNING * * *
The ball python's grasp on you weakens, but your attempt to escape fails.
The ball python bites you.
* * * LOW HITPOINT WARNING * * *
The ball python constricts you.
* * * LOW HITPOINT WARNING * * *
The ball python's grasp on you weakens, but your attempt to escape fails.
The ball python bites you but does no damage.
The ball python constricts you.
You die...

### #.#############
#...g.!.......#
#$###########.# #.#
#.# #g# #.####
###'######## #.....
#..Sg......#########
#..@.............gg.
#..$........########
###.#######.# #.####
#.# #.#... #.# #
#.#...###+## #
######.#........# #
#....?.#........# #
#......# #......# #


You could see a gnoll, a hobgoblin and a ball python.

Vanquished Creatures
  2 adders (D:2)
  A ribbon worm (D:2)
  A dart slug (D:1)
  4 endoplasms (D:1)
  A giant cockroach (D:1)
  4 goblins
  2 quokkas (D:1)
  A ball python (D:1)
  2 bats
  A frilled lizard (D:1)
  2 kobolds
  3 rats
24 creatures vanquished.

Notes
Turn   | Place    | Note
-------+----------+-------------------------------------------
     0 | D:1      | BeKind the Octopode Fighter began the quest for the Orb.
     0 | D:1      | Reached XP level 1. HP: 16/16 MP: 1/1
   136 | D:1      | Reached XP level 2. HP: 20/21 MP: 2/2
   295 | D:1      | Found Sumobrox's Antique Armour Boutique.
   716 | D:2      | Found a faded altar of an unknown god.
   733 | D:2      | Reached XP level 3. HP: 23/26 MP: 3/3
   977 | D:2      | HP: 1/26 [constriction (2)]
   978 | D:2      | Constricted to death by a ball python

Illustrated notes

Levels and vault maps discovered:
D:1:      shiori_shiawase, layout_loops_ring, serial_shops, shop
D:2:      layout_basic, nicolae_ecumenical_pavilion, uniq_robin

Action                     || total
---------------------------++-------
  Melee: Trident           ||     9
         Staff             ||    41
         Tentacles         ||    13
         Constrict         ||    14
   Stab: Sleeping          ||     3
 Armour: Skin              ||    42
  Dodge: Dodged            ||    40
  Block: Buckler           ||    15

Table legend: (Time is in decaauts)
 A = Elapsed time spent in this place.
 B = Non-inter-level travel time spent in this place.
 C = Inter-level travel time spent in this place.
 D = Time resting spent in this place.
 E = Time spent auto-exploring this place.
 F = Levels seen in this place.
 G = Mean time per level.
                   A        B        C        D        E       F      G
               +--------+--------+--------+--------+--------+-----+--------+
         Total |    987 |    905 |     82 |      0 |    643 |   2 |  493.5 |
       Dungeon |    987 |    905 |     82 |      0 |    643 |   2 |  493.5 |
               +--------+--------+--------+--------+--------+-----+--------+

Top non-repeatable levels by time:
     D:1: 722 daAuts
     D:2: 264 daAuts
